 Dungeon Crawl Stone Soup version 0.32-a0-871-ge202e49faa (webtiles) character file.

Game seed: 16722312420442038999

10 KennySheep the Sneak (level 2, -2/24 HPs)
             Began as a Human Delver on Mar 29, 2024.
             Was an Initiate of Qazlal.
             Killed from afar by a goblin (12 damage)
             ... with a puff of flame
             ... on level 4 of the Dungeon.
             The game lasted 00:01:20 (208 turns).

KennySheep the Sneak (Human Delver)                  Turns: 208, Time: 00:01:21

Health: -2/24      AC:  3    Str: 12    XL:     2   Next: 20%
Magic:  2/2        EV: 11    Int: 10    God:    Qazlal [......]
Gold:   0          SH:  0    Dex: 14    Spells: 1/1 levels left

rFire   . . .        a - +0 falchion
rCold   . . .        (no shield)
rNeg    . . .        b - +0 leather armour
rPois   .            (no helmet)
rElec   .            (no cloak)
rCorr   .            (no gloves)
SInv    .            (no boots)
Will    .....        (no amulet)
Stlth   +++          (no ring)
HPRegen 0.24/turn    (no ring)
MPRegen 0.08/turn

%: no passive effects
@: hasted, very quick
A: explore regen
a: Renounce Religion


You were on level 4 of the Dungeon.
You worshipped Qazlal.
Qazlal was noncommittal.
You visited 1 branch of the dungeon, and saw 2 of its levels.

Inventory:

Hand Weapons
 a - a +0 falchion (weapon)
Armour
 b - a +0 leather armour (worn)
Wands
 g - a wand of digging (3)
Scrolls
 c - a scroll of fog
 e - 2 scrolls of fear
 h - a scroll of teleportation {unknown}


   Skills:
 + Level 3.1 Fighting
 + Level 2.2 Long Blades
 + Level 2.2 Dodging
 + Level 5.1 Stealth


You had one spell level left.
You didn't know any spells.
Your spell library was empty.

Dungeon Overview and Level Annotations

Branches:
Dungeon (5/15)
 Temple: D:4-7

Altars:
Qazlal
Vehumet


Innate Abilities, Weirdness & Mutations

You regain HP and MP as you explore.


Message History

Things that are here:
a +0 dagger; a boomerang; a +0 leather armour
h - a scroll labelled IXIXANNODID A bombardier beetle comes into view.
An orc comes into view. It is wielding a +0 dagger.
The orc moves out of view.
Found a stone staircase leading up.
Found a rapier.
There is a stone staircase leading up here.
You climb upwards.
You hear the sound of rushing water.
There is an entrance to a sewer on this level.
Hurry and find it before the portal rusts away!
Found a stone staircase leading down.
There is a stone staircase leading down here.
As you read the scroll of revelation, it crumbles to dust.
You feel aware of your surroundings.
You sensed 1 altar, and 2 shops/portals.
Found a scroll of fear.
Found an escape hatch in the ceiling.
e - 2 scrolls of fear (gained 1)
Found 6 stones.
A phantom comes into view.
Found a dagger.
Found 6 stones.
A bombardier beetle comes into view.
A goblin comes into view. It is carrying a wand of flame.
The goblin shouts!
Found a radiant altar of Vehumet.
The goblin zaps a wand.
The puff of flame hits you!
Ouch! That really hurt!
You feel yourself speed up.
The goblin zaps a wand.
The puff of flame hits you!
* * * LOW HITPOINT WARNING * * *
An adder comes into view.
The adder hisses angrily.
Found a rapier.
The adder barely misses you.
A hobgoblin comes into view.
Found a hand axe and 16 gold pieces.
Found a stone staircase leading down.
The adder bites you but does no damage.
The goblin zaps a wand.
The puff of flame hits you!
Ouch! That really hurt!
You die...

######.## *,******* ** #...# *$#
***** #.).# *.#******* *,,,,
#...# ##g.,,,,,,****,***
*####...##### #..,#****,,,,,,***
#...........## #.#.#****,,,,,,*,,
.............###.#.##,,,,,,,,,*,*
#...(.....Bg...S....#.##,,,,,,,,,
#####...#.......@......#,,,,,**,*
*.........#.##.#....).,******,*
#.#.#._.#...##.#*)####** *,*
#.#.........##.#*,#**********,*
#,#...#.......>.,,,,,,,,,,,**,*
*,#........###..****,,****,**,*
***,***##...#* #..#***,,**,,,,,,*
,,,,,,,,,,,** #...,,,,,,,,*,****
****,*****,******,****,,****,*


You could see a bombardier beetle, an adder, a hobgoblin (asleep) and a goblin.

Vanquished Creatures
  5 orcs (D:5)
5 creatures vanquished.

Notes
Turn   | Place    | Note
-------+----------+-------------------------------------------
     0 | D:5      | KennySheep the Human Delver began the quest for the Orb.
     0 | D:5      | Reached XP level 1. HP: 18/18 MP: 1/1
     5 | D:5      | Became a worshipper of Qazlal Stormbringer
    80 | D:5      | Reached XP level 2. HP: 17/24 MP: 2/2
   148 | D:5      | Noticed a bombardier beetle
   187 | D:4      | Noticed a phantom
   195 | D:4      | Noticed a bombardier beetle
   197 | D:4      | Found a radiant altar of Vehumet.
   208 | D:4      | Killed from afar by a goblin

Illustrated notes

Levels and vault maps discovered:
D:4:      layout_loops_cross, vehumet_altar_wand_db, serial_shops, shop,
          portal_sewer_entry_f
D:5:      corexii_shantytown, layout_basic, nicolae_qazlal_beasts_of_the_sky,
          serial_shops, nicolae_shop_real_fake_doors, shop

Action                     || total
---------------------------++-------
  Melee: Falchion          ||    16
    Use: Scroll            ||     1
         Potion            ||     1
 Armour: Leather armour    ||    16
  Dodge: Dodged            ||    14

Table legend: (Time is in decaauts)
 A = Elapsed time spent in this place.
 B = Non-inter-level travel time spent in this place.
 C = Inter-level travel time spent in this place.
 D = Time resting spent in this place.
 E = Time spent auto-exploring this place.
 F = Levels seen in this place.
 G = Mean time per level.
                   A        B        C        D        E       F      G
               +--------+--------+--------+--------+--------+-----+--------+
         Total |    208 |    208 |      0 |     68 |      0 |   2 |  104.0 |
       Dungeon |    208 |    208 |      0 |     68 |      0 |   2 |  104.0 |
               +--------+--------+--------+--------+--------+-----+--------+

Top non-repeatable levels by time:
     D:5: 168 daAuts
     D:4: 40 daAuts
